[Event "*** Titled Tuesday Blitz"]
[Site "Chess.com"]
[Date "2020.05.12"]
[Round "9"]
[White "Zarikovs1999"]
[Black "Andrei_Belozerov"]
[Result "0-1"]
[WhiteElo "2399"]
[BlackElo "2600"]
[TimeControl "180+1"]
[EndTime "11:44:02 PDT"]
[Termination "Andrei_Belozerov won on time"]

1. Nf3 d5 2. c4 d4 3. d3 Nc6 4. a3 a5 5. e3 e5 6. exd4 exd4 7. g3 Nf6 8. Bg2 Be7 9. O-O O-O 10. Bg5 h6 11. Bxf6 Bxf6 12. Nbd2 Bf5 13. Ne4 Be7 14. Re1 Qd7 15. Qc2 Rfe8 16. Nfd2 Bg6 17. Nf3 Bf8 18. Rab1 Rad8 19. Qa4 Bxe4 20. dxe4 d3 21. Rbd1 Bc5 22.
Qb3 Ne5 23. Nxe5 Rxe5 24. Rd2 f5 25. Qxb7 Kh8 26. Qb5 Bxf2+ 27. Rxf2 Rxb5 28. cxb5 fxe4 29. Bxe4 Qxb5 30. Rd1 Qc5 31. Rxd3 Rxd3 32. Bxd3 g5 33. Bc2 Qe3 34. Kg2 Kg7 35. h3 c5 36. Bd1 Qe4+ 37.
Bf3 Qd4 38. Re2 c4 39. Re4 Qd2+ 40. Re2 Qd3 41. Kf2 Qd4+ 42. Kg2 c3 43. bxc3 Qxc3 44. a4 Qc4 45. Re4 Qc2+ 46. Kf1 Qh2 47. Bg2 Qxg3 48. Re7+ Kf6 49. Re4 Qd3+ 50. Kf2 Kf5 0-1

[Event "*** Titled Tuesday Blitz"]
[Site "Chess.com"]
[Date "2020.05.12"]
[Round "9"]
[White "KaterinaMiroshnik"]
[Black "isla88"]
[Result "0-1"]
[WhiteElo "2446"]
[BlackElo "2322"]
[TimeControl "180+1"]
[EndTime "11:44:04 PDT"]
[Termination "isla88 won by resignation"]

1. d4 Nf6 2. c3 b6 3. Nf3 Bb7 4. e3 g6 5. Bd3 Bg7 6. O-O O-O 7. Nbd2 d6 8. e4 Nbd7 9. Re1 e5 10. Nf1 d5 11. exd5 exd4 12. c4 Nc5 13. Bg5 c6 14. dxc6 Bxc6 15. b4 Nxd3 16. Qxd3 Bxf3 17. Qxf3 Qd6 18.
Bxf6 Qxf6 19. Qxf6 Bxf6 20. Rad1 Rac8 21. Nd2 d3 22.
Re4 Rfd8 23. g3 Bc3 24. b5 Kf8 25. h4 f5 26. Re3 Bd4 27. Rf3 Kg7 28. Kf1 Bc3 29. Kg2 Bb4 30. h5 Rd7 31. hxg6 hxg6 32. Rf4 Rcd8 33. Rf3 Rd4 34. Nb3 R4d7 35. Nd2 Bxd2 36.
Rxd2 Rd4 37. Re3 Kf6 38. Kf3 g5 39. Kg2 g4 40. Kg1 Rxc4 41. Rexd3 Rc1+ 42. Kg2 Rxd3 43. Rxd3 Rc2 44. Ra3 Rc7 45. Ra6 Ke5 46. a4 Kd4 47. a5 bxa5 48. Rxa5 Kc5 49. b6+ Kxb6 50. Rxf5 Rc4 51. Rf6+ Kb5 52. Rf5+ Kb4 53. Rf8 a5 54. Rb8+ Kc3 55. f3 gxf3+ 56. Kxf3 a4 57. Ra8 Kb3 58. g4 a3 59. g5 a2 60. Rxa2 Kxa2 61. g6 Rc6 0-1

[Event "*** Titled Tuesday Blitz"]
[Site "Chess.com"]
[Date "2020.05.12"]
[Round "9"]
[White "Poghosyan_Suren"]
[Black "ViktoriyaTarasova"]
[Result "1/2-1/2"]
[WhiteElo "2502"]
[BlackElo "2253"]
[TimeControl "180+1"]
[EndTime "11:44:05 PDT"]
[Termination "Game drawn by agreement"]

1. Nf3 Nf6 2. c4 e6 3. g3 b6 4.
Bg2 Bb7 5. O-O c5 6. b3 Be7 7. Bb2 O-O 8. d4 cxd4 9. Qxd4 Nc6 10. Qd1 d6 11. Nc3 a6 12. Rc1 Rc8 13. h3 Rc7 14. g4 Qb8 15. e3 Rfc8 16. g5 Ne8 17. h4 Qa8 18. Nh2 Ne5 19. Bxb7 Qxb7 20. f4 Nd7 21. Ng4 b5 22. cxb5 axb5 23. Qd4 b4 24. Na4 Rxc1 25. Rxc1 Rxc1+ 26. Bxc1 d5 27. Bb2 f6 28. gxf6 Nexf6 29. Ne5 Nxe5 30. Qxe5 Qc6 31. f5 Kf7 32. fxe6+ Qxe6 33. Qxe6+ Kxe6 34. Bd4 Ne4 35. Bxg7 Bxh4 36. Kg2 Be7 37. Kf3 h5 38. Nb2 Nc3 39.
a4 bxa3 40. Bxc3 Bf6 41. Na4 a2 42. Ba1 Bxa1 43. Nc5+ Kd6 44. b4 Bh8 45. Nb3 a1=Q 46. Nxa1 Bxa1 47. e4 d4 48. b5 Kc5 49. e5 d3 50. Ke3 Kxb5 51. Kxd3 Bxe5 52. Ke2 Bc7 53. Kf3 Bd6 54. Kg2 Bc7 55. Kh3 Bd6 56. Kh4 1/2-1/2

[Event "*** Titled Tuesday Blitz"]
[Site "Chess.com"]
[Date "2020.05.12"]
[Round "9"]
[White "OK97"]
[Black "Azatic"]
[Result "1-0"]
[WhiteElo "2757"]
[BlackElo "2581"]
[TimeControl "180+1"]
[EndTime "11:44:07 PDT"]
[Termination "OK97 won by resignation"]

1. e4 c5 2. Nf3 e6 3. g3 Nc6 4.
Bg2 d6 5. O-O Nf6 6. Nc3 Be7 7.
d4 cxd4 8. Nxd4 Bd7 9. Be3 a6 10. a4 Rc8 11. Nxc6 Bxc6 12. a5 h5 13. Bb6 Qd7 14. Re1 e5 15. Nd5 h4 16. Ra3 hxg3 17. Rxg3 Bxd5 18. exd5 g6 19. Ree3 Rc4 20. Rc3 Rxc3 21.
Rxc3 Kf8 22. Qd3 Qg4 23. h3 Qh4 24. Rc4 e4 25. Qc3 Rh5 26. Bd4 Rg5 27. Kf1 Rf5 28. Rc8+ Kg7 29. Rc7 Qh5 30. Ke1 Bd8 31. Rc8 Qg5 32.
Bxe4 Qg1+ 33. Ke2 Rf4 34. f3 Qg2+ 35. Ke3 Qg5 36. Ke2 Qg2+ 37. Ke3 Qg5 38. Kd3 Rxe4 39. fxe4 Be7 40. Kc4 Qg2 41. Kb3 Qxe4 42. Qc4 Qf3+ 43. c3 Qxh3 44. Rc7 Bd8 45. Rxb7 Qf5 46. Qc6 Qf3 47.
Qxd6 Qd1+ 48. Ka3 Bxa5 49. Qxf6+ Kh6 50. Qh4+ Qh5 51. Qxh5+ Kxh5 52. Rxf7 1-0

[Event "*** Titled Tuesday Blitz"]
[Site "Chess.com"]
[Date "2020.05.12"]
[Round "9"]
[White "Fusikk"]
[Black "Philos_85"]
[Result "1-0"]
[WhiteElo "2512"]
[BlackElo "2301"]
[TimeControl "180+1"]
[EndTime "11:44:07 PDT"]
[Termination "Fusikk won by resignation"]

1. e4 e5 2. Nf3 Nc6 3. Bb5 a6 4.
Ba4 Nf6 5. d3 b5 6. Bb3 Bc5 7.
Nc3 d6 8. Nd5 h6 9. c3 Rb8 10.
O-O O-O 11. h3 Nxd5 12. Bxd5 Ne7 13. Bb3 Ng6 14. d4 Bb6 15. a4 Qf6 16. a5 Ba7 17.
Kh2 Re8 18. Re1 Bb7 19. Bc2 exd4 20. cxd4 c5 21. d5 c4 22. Kg1 Ne5 23. Rb1 Bc8 24. Be3 Nxf3+ 25. Qxf3 Qxf3 26. gxf3 Bxe3 27. Rxe3 Bxh3 28.
f4 Bd7 29. e5 b4 30. exd6 Rxe3 31. fxe3 Rb5 32. Ba4 Rxd5 33. Bxd7 Rxd6 34. Bc8 Rd5 35. Bxa6 Rxa5 36. Bxc4 g5 37. Kf2 Kg7 38. b3 f6 39.
Rd1 Ra2+ 40. Kg3 Ra7 41. Be6 h5 42. Rd7+ Rxd7 43. Bxd7 Kg6 44. Be8+ Kh6 45. f5 h4+ 46. Kg4 Kg7 47. Bb5 Kf8 48. Bf1 Ke7 49. Kf3 Kd6 50. Ke4 g4 51. Kf4 g3 52. Kg4 Ke5 53. Kxh4 Kxf5 54.
Bd3+ Ke5 55. Kxg3 f5 56. Kf3 Kf6 57. Kf4 1-0

[Event "*** Titled Tuesday Blitz"]
[Site "Chess.com"]
[Date "2020.05.12"]
[Round "9"]
[White "wonderfultime"]
[Black "kuban1991"]
[Result "0-1"]
[WhiteElo "2926"]
[BlackElo "2750"]
[TimeControl "180+1"]
[EndTime "11:44:08 PDT"]
[Termination "kuban1991 won by checkmate"]

1. d4 g6 2. Nf3 Bg7 3. g3 Nf6 4. Bg2 O-O 5. O-O d5 6. b3 c5 7. Bb2 Ne4 8. c3 Nc6 9. Nbd2 Bf5 10. e3 Nxd2 11. Qxd2 cxd4 12. cxd4 Be4 13. Rfc1 e6 14. Qe2 Rc8 15. Bf1 g5 16. Nd2 Bg6 17. Bg2 h6 18.
a3 a5 19. Qb5 Qe7 20. Rc5 h5 21. Rac1 h4 22. b4 axb4 23. axb4 Ra8 24. Bc3 Ra2 25. Qe2 Rfa8 26. b5 Na5 27. Bb4 Kh7 28. Qd1 b6 29. R5c4 Qf6 30. Rc7 Nc4 31. R1xc4 dxc4 32. Bxa8 Rxa8 33. Be7 Qf5 34. Rxc4 Qxb5 35. Rb4 Qd5 36. gxh4 gxh4 37. Bxh4 Ra2 38. Bg3 Bh5 39. Qb1+ Bg6 40.
e4 Qa8 41. Qd3 Ra1+ 42. Kg2 f5 43. f3 fxe4 44. Nxe4 Ra2+ 45. Bf2 Ra3 46. Qe2 Qf8 47. Rb5 Qf4 48. Bg3 Qc1 49. Rxb6 Bxd4 50. Rb7+ Kh6 51.
Bd6 Qg1+ 52. Kh3 Bf5+ 53. Kh4 Bf6+ 54. Nxf6 Qg5# 0-1

[Event "*** Titled Tuesday Blitz"]
[Site "Chess.com"]
[Date "2020.05.12"]
[Round "9"]
[White "TigrVShlyape"]
[Black "walkingcreep"]
[Result "1-0"]
[WhiteElo "2826"]
[BlackElo "2667"]
[TimeControl "180+1"]
[EndTime "11:44:10 PDT"]
[Termination "TigrVShlyape won by resignation"]

1. d4 Nf6 2. Nf3 g6 3. c3 Bg7 4. Bg5 O-O 5. Nbd2 d6 6. e4 c5 7. dxc5 dxc5 8. Bc4 Nc6 9. O-O Qc7 10. Qe2 h6 11. Be3 b6 12. h3 Nh5 13. Rfd1 Bb7 14. Ba6 Bxa6 15. Qxa6 Rad8 16. a4 Nf4 17. Qb5 Ne6 18.
Nc4 Qb7 19. a5 Nc7 20. Qb3 Rxd1+ 21. Rxd1 Rb8 22. axb6 axb6 23. Bf4 b5 24. Ne3 c4 25. Qc2 e5 26. Bg3 b4 27. Nxc4 b3 28. Qe2 Qb5 29. Kf1 Ne6 30. Ncxe5 Nxe5 31. Bxe5 Bxe5 32. Qxb5 Rxb5 33.
Rd5 Rxd5 34. exd5 Nf4 35. Nxe5 Nxd5 36. Nd3 Nb6 37. Nc5 Nc4 38. Nxb3 Nxb2 39. Ke2 f5 40. h4 Kf7 41. Nd4 Kf6 42. f4 g5 43.
g3 gxf4 44. gxf4 Nc4 45. Kd3 Nb2+ 46. Ke2 h5 47. Nf3 Nc4 48. Kd3 Nd6 49. c4 Ne4 50. Kd4 Ng3 51. c5 Ne2+ 52. Ke3 Nc3 53. Nd4 Nd5+ 54.
Kf3 Nb4 55. c6 Nd5 56. Kg3 Nc7 57. Kf2 Nd5 58. Kf3 Nc7 59. Ke3 Nd5+ 60. Kd3 Nxf4+ 61.
Kc4 Ne6 62. Nxe6 Kxe6 63. Kc5 Ke7 64. Kb6 f4 65. c7 f3 66. c8=Q f2 67. Qf5 1-0

[Event "*** Titled Tuesday Blitz"]
[Site "Chess.com"]
[Date "2020.05.12"]
[Round "9"]
[White "stanyga"]
[Black "Natalya_Buksa"]
[Result "0-1"]
[WhiteElo "2630"]
[BlackElo "2537"]
[TimeControl "180+1"]
[EndTime "11:44:10 PDT"]
[Termination "Natalya_Buksa won on time"]

1. e4 c5 2. Nf3 Nc6 3. Bb5 g6 4.
Bxc6 dxc6 5. d3 Bg7 6. h3 Nf6 7. a4 Nd7 8. a5 e5 9. Nbd2 Nf8 10. Nc4 Qc7 11. Be3 Ne6 12. Qd2 O-O 13. Bh6 f6 14. Bxg7 Kxg7 15. O-O Nf4 16. Qe3 Qe7 17. Nfd2 Rb8 18.
Kh2 b6 19. axb6 axb6 20. Ra2 Be6 21. Rfa1 Rb7 22. Ra6 Rfb8 23. b4 Bxc4 24. Nxc4 Ne6 25. bxc5 Nxc5 26. Ra8 b5 27. Rxb8 Rxb8 28. Nd2 Rb7 29. Ra8 Ne6 30. Nb3 c5 31. Na5 Rc7 32.
Ra6 Nd4 33. c3 Ne6 34. Qd2 Qd7 35. Ra8 Nf4 36. Qa2 Qf7 37. Qb1 Qd7 38. Qb3 Nxd3 39. Qg8+ Kh6 40. Qf8+ Qg7 41. Qe8 Nxf2 42. Qxb5 Nxe4 43.
Qe2 f5 44. Qe3+ g5 45. Nc4 Rc6 46. Qd3 Rg6 47. Qd5 g4 48. Nxe5 g3+ 49. Kg1 Rb6 50.
Nf7+ Qxf7 0-1

[Event "*** Titled Tuesday Blitz"]
[Site "Chess.com"]
[Date "2020.05.12"]
[Round "9"]
[White "bazar-wokzal"]
[Black "Ginzburg_Yakov"]
[Result "0-1"]
[WhiteElo "2529"]
[BlackElo "2406"]
[TimeControl "180+1"]
[EndTime "11:44:10 PDT"]
[Termination "Ginzburg_Yakov won by resignation"]

1. e4 c5 2. c3 d5 3. exd5 Qxd5 4. d4 Nf6 5. Nf3 Nc6 6. Be3 cxd4 7. cxd4 e6 8. a3 Be7 9. Nc3 Qd8 10. Qc2 O-O 11.
Bd3 Bd7 12. O-O Rc8 13. Rad1 Qa5 14. Rfe1 Qh5 15. Qd2 Rfd8 16. Ne2 Be8 17. Nf4 Qa5 18. Qe2 Nd5 19. Bb1 g6 20. Nxd5 Qxd5 21. b4 Bf6 22.
Ba2 Qh5 23. Rd2 Ne7 24. Bf4 Bb5 25. Qe3 Nf5 26. Qe4 Bc6 27. d5 exd5 28. Bxd5 Re8 29.
Qc4 Bxd5 30. Rxe8+ Rxe8 31. Qxd5 Qg4 32. Bg3 h5 33. h3 Qe4 34. Qxe4 Rxe4 35. Rd7 Re7 36. Rd8+ Kg7 37. Ra8 Nxg3 38. fxg3 Re3 39. a4 Ra3 40. a5 Rb3 41. Kh2 Rxb4 42. Rxa7 Rb1 43. g4 h4 44. g5 Be7 45. Nxh4 Bxg5 46. Nf3 Bf4+ 47. g3 Rb2+ 48. Kg1 Bxg3 49. a6 Bf2+ 50. Kf1 Bxa7 0-1

[Event "*** Titled Tuesday Blitz"]
[Site "Chess.com"]
[Date "2020.05.12"]
[Round "9"]
[White "Shankovskyi"]
[Black "Kaliopa"]
[Result "1-0"]
[WhiteElo "2530"]
[BlackElo "2119"]
[TimeControl "180+1"]
[EndTime "11:44:12 PDT"]
[Termination "Shankovskyi won by resignation"]

1. e4 c5 2. Nf3 Nc6 3. Bb5 g6 4.
Bxc6 dxc6 5. d3 Bg7 6. Nc3 Nf6 7.
Be3 Nd7 8. Qd2 h6 9. h4 e5 10.
h5 g5 11. Ne2 b6 12. Ng3 Nf8 13. a4 Ne6 14. Nf5 O-O 15. Nxg7 Kxg7 16. Nxe5 f5 17. exf5 Rxf5 18. Qc3 Nd4 19. Nf3 Kh7 20. Nxd4 cxd4 21. Qxd4 Qxd4 22. Bxd4 c5 23. Be3 Bb7 24. f3 Re8 25.
Kd2 c4 26. dxc4 Ba6 27. b3 Rf7 28. Rae1 Rd7+ 29. Kc3 Rde7 30. Bf2 Re2 31. Rxe2 Rxe2 32. Rf1 Bc8 33. Kd3 Re8 34. Re1 Bf5+ 35. Kc3 Rxe1 36.
Bxe1 g4 37. f4 Be6 38. Bf2 Bf7 39. a5 bxa5 40. Bxa7 Bxh5 41. Bb6 Be8 42. Bxa5 h5 43. Bd8 Kg6 44. g3 Kf5 45. Kd4 Ke6 46. b4 Kd7 47.
Bh4 Bg6 48. c3 Bb1 49. b5 Bc2 50. Kc5 Bd3 51. Bg5 Kc7 52. Bf6 Kd7 53. Kd5 Bf1 54. c5 Bxb5 55. Ke5 Ke8 56. Kf5 Kf8 57. Kg5 Be8 58. c6 Bxc6 59. Kxh5 Bf3 60. c4 Kf7 61. Be5 Be2 62. c5 Bf3 63. Kg5 Ke6 64. Bd6 Kf7 65. Bb8 Ke6 66. Bd6 Kf7 67. f5 Ke8 68. Kf6 Kd7 69. Kg7 Bd5 70. f6 Ke8 71. c6 Kd8 72.
f7 Bxf7 73. Kxf7 1-0

[Event "*** Titled Tuesday Blitz"]
[Site "Chess.com"]
[Date "2020.05.12"]
[Round "9"]
[White "Volodar_Murzin"]
[Black "Jospem"]
[Result "1-0"]
[WhiteElo "2761"]
[BlackElo "2851"]
[TimeControl "180+1"]
[EndTime "11:44:15 PDT"]
[Termination "Volodar_Murzin won by checkmate"]

1. d4 Nf6 2. Nf3 e6 3. Bf4 c5 4.
e3 b6 5. Nbd2 Bb7 6. h3 Be7 7.
Bd3 O-O 8. O-O cxd4 9. exd4 d6 10. Re1 Nbd7 11. c3 Re8 12. Qe2 Bf8 13. Ba6 Qc8 14.
Bxb7 Qxb7 15. Bh2 b5 16. Ng5 Qc6 17. Rac1 Rac8 18. Qd3 h6 19. Ngf3 a5 20. Re2 b4 21.
c4 Qa6 22. Rce1 d5 23. b3 dxc4 24. bxc4 Nb6 25. Ne5 Red8 26. Qe3 Na4 27. Nb1 Nd7 28. c5 Nf6 29. Bg3 Nd5 30. Qf3 Qa7 31. Re4 Nac3 32. Nxc3 bxc3 33. Rg4 f5 34. Rg6 Re8 35. Bf4 Kh7 36. Bc1 Kh8 37. Qh5 Nf6 38. Qh4 Ne4 39. f3 Nd2 40. Qh5 Rcd8 41. Qh4 Rxd4 42. Qh5 Rdd8 43.
Kh1 Bxc5 44. Rxh6+ gxh6 45. Nf7+ Kg7 46. Nxd8 Rxd8 47.
Rxe6 Qf7 48. Qxh6+ Kg8 49. Rg6+ Qxg6 50. Qxg6+ Kf8 51.
Qf6+ Ke8 52. Qe5+ Be7 53. Qxc3 Nf1 54. Qc6+ Kf7 55. Qc4+ Kg6 56. Qxf1 Bg5 57. Bxg5 Kxg5 58. Qc1+ Kh4 59. Qf4+ Kh5 60. Qxf5+ Kh4 61. Qg4# 1-0

[Event "*** Titled Tuesday Blitz"]
[Site "Chess.com"]
[Date "2020.05.12"]
[Round "9"]
[White "sopo-tereladze"]
[Black "CyberneticLion"]
[Result "1-0"]
[WhiteElo "2415"]
[BlackElo "2527"]
[TimeControl "180+1"]
[EndTime "11:44:16 PDT"]
[Termination "sopo-tereladze won by resignation"]

1. d4 d5 2. Nf3 Nf6 3. Bf4 c5 4. e3 Nc6 5. c3 Qb6 6. Qb3 c4 7.
Qxb6 axb6 8. Na3 Ra5 9. Bc7 Nd7 10. e4 e6 11. Nc2 Ra8 12. exd5 exd5 13. Be2 Be7 14. O-O O-O 15. Ne3 Nf6 16. Bxb6 Bd6 17. h3 Be6 18. a4 Ra6 19. Bc5 Bxc5 20. dxc5 Rfa8 21. Bd1 Ne4 22. Bc2 Nxc5 23. Rfd1 Ne7 24. g4 Nxa4 25. Rxa4 Rxa4 26. Bxa4 Rxa4 27. Kg2 h6 28. h4 Ra2 29. Rd2 Ng6 30. Kg3 Ne7 31. Ne5 f6 32. Nf3 Kf7 33. Nd4 Bd7 34. f4 Bc6 35. g5 hxg5 36. hxg5 Nc8 37. f5 Nd6 38. g6+ Ke7 39. Kf4 Ra1 40. Ne6 Ne8 41. Nxd5+ Bxd5 42. Rxd5 Rf1+ 43. Kg4 Rf2 44. Nd4 Rxb2 45. Ne6 Rg2+ 46. Kf3 Rc2 47. Nc5 Rxc3+ 48. Ke2 Nd6 49. Rxd6 Rc2+ 50.
Rd2 Rc3 51. Rd7+ Ke8 52. Rxg7 b6 53. Ne6 Rc2+ 54. Kd1 Rg2 55. Rc7 c3 56. g7 b5 57.
Rxc3 b4 58. Rc8+ Kd7 59. g8=Q 1-0

[Event "*** Titled Tuesday Blitz"]
[Site "Chess.com"]
[Date "2020.05.12"]
[Round "9"]
[White "Revnov"]
[Black "Megagigahiper3345"]
[Result "0-1"]
[WhiteElo "2671"]
[BlackElo "2534"]
[TimeControl "180+1"]
[EndTime "11:44:18 PDT"]
[Termination "Megagigahiper3345 won by checkmate"]

1. b3 e5 2. Bb2 Nc6 3. e3 g6 4. d4 Bg7 5. d5 Nce7 6. d6 cxd6 7. Nc3 d5 8. Nxd5 Nxd5 9. Qxd5 Ne7 10.
Qd6 Qb6 11. Qxb6 axb6 12. Nf3 f6 13. Bb5 Kf7 14. a4 d5 15. O-O-O Be6 16. Kb1 Rac8 17.
Ne1 Rhd8 18. Nd3 Nc6 19. f4 e4 20. Nc1 Nb4 21. Rd2 Bf8 22. Ne2 Nc6 23. Nd4 Nxd4 24. Bxd4 Bb4 25. Rdd1 Rd6 26. h3 h5 27. Rhg1 h4 28. Kb2 Bc5 29. c3 Bd7 30. Be2 Rdc6 31. Bxc5 Rxc5 32. Rc1 b5 33. a5 Ra8 34. Rgd1 Ke6 35.
Rd4 Rc7 36. b4 Bc6 37. Bd1 Rg7 38. Bb3 g5 39. Rxe4+ Kd6 40. Rd4 gxf4 41. Rxf4 Rxg2+ 42. Rc2 Rg3 43. Rxh4 Rxe3 44. Rf2 Ke5 45. Rh5+ Ke6 46. Bc2 Rf8 47. Bf5+ Kd6 48. Rh7 d4 49. cxd4 Kd5 50.
Rh4 Kc4 51. Be6+ Rxe6 52. Rf5 Bd5 53. Rhh5 Re2+ 54. Kc1 Rd8 55. Rxf6 Re4 56. Rb6 Rxd4 57. Rg5 Kxb4 58. a6 bxa6 59. Rxa6 Bc4 60. Rg1 Rd3 61. Rh6 Rc3+ 62. Kb1 Rd2 63. Rhg6 Bd3+ 64. Ka1 Ra3# 0-1

[Event "*** Titled Tuesday Blitz"]
[Site "Chess.com"]
[Date "2020.05.12"]
[Round "9"]
[White "WhiteKnight2612"]
[Black "Djager97"]
[Result "1/2-1/2"]
[WhiteElo "2659"]
[BlackElo "2429"]
[TimeControl "180+1"]
[EndTime "11:44:18 PDT"]
[Termination "Game drawn - insufficient material"]

1. Nf3 d5 2. g3 Nf6 3. Bg2 e6 4. O-O Be7 5. d4 b5 6. c4 bxc4 7. Nc3 O-O 8. Ne5 c6 9. e4 Bb7 10. f4 Nbd7 11. Be3 Nxe5 12. fxe5 Nd7 13. Rc1 Qb6 14. Qe2 Rad8 15. h4 c5 16. Na4 Qa5 17. Nxc5 Nxc5 18. dxc5 Bxc5 19. exd5 Bxe3+ 20. Qxe3 Bxd5 21. h5 Bxg2 22. Kxg2 h6 23. Rxc4 Qxa2 24. Rg4 Qxb2+ 25. Rf2 Qb7+ 26. Kh3 Qh1+ 27. Rh2 Qf1+ 28. Kh4 Kh8 29. Rf4 Qd3 30. Qxa7 Qd5 31. Qe3 f5 32. Rff2 Qd4+ 33. Qf4 Qa7 34. Kh3 Rd4 35. Qf3 f4 36.
Qg4 Qf7 37. Rf3 Qf5 38. Qxf5 Rxf5 39. g4 Rxe5 40. Rhf2 Re3 41. Rxe3 fxe3 42. Re2 Re4 43. Kg3 g6 44. Kf3 Re5 45. Kf4 Rc5 46. hxg6 Kg7 47.
Rxe3 e5+ 48. Rxe5 Rxe5 49. Kxe5 Kxg6 50. Kf4 h5 51. g5 h4 52. Kg4 h3 53. Kxh3 Kxg5 1/2-1/2

[Event "*** Titled Tuesday Blitz"]
[Site "Chess.com"]
[Date "2020.05.12"]
[Round "9"]
[White "aa175"]
[Black "AnthonyWirig"]
[Result "0-1"]
[WhiteElo "2396"]
[BlackElo "2574"]
[TimeControl "180+1"]
[EndTime "11:44:18 PDT"]
[Termination "AnthonyWirig won on time"]

1. d4 Nf6 2. Nf3 c5 3. d5 g6 4. Nc3 Bg7 5. e4 O-O 6. e5 Ng4 7.
Bf4 d6 8. exd6 exd6 9. h3 Re8+ 10. Be2 Ne5 11. O-O a6 12. a4 Nbd7 13. Re1 Nxf3+ 14. Bxf3 Ne5 15. Be2 Bf5 16. a5 Qc7 17. Qd2 h5 18. Na4 Re7 19. Nb6 Rae8 20. c4 Nd7 21. Na4 Bd4 22.
Ra3 Ne5 23. Bxe5 Rxe5 24. Nc3 Qe7 25. Kf1 Qf6 26. Nd1 Be4 27. b4 Rf5 28. Bf3 Rfe5 29. Bxe4 Rxe4 30. Rxe4 Rxe4 31. Rf3 Qe5 32. bxc5 Bxc5 33. Ne3 Qa1+ 34. Qe1 Qxe1+ 35. Kxe1 Bb4+ 36. Ke2 Bxa5 37. Kd3 Re7 38. Nc2 Bb6 39. Nd4 Bc5 40.
g4 hxg4 41. hxg4 Kg7 42. Nb3 b5 43. Nxc5 dxc5 44. g5 Re5 45. d6 Re6 46. cxb5 axb5 47. d7 Rd6+ 48. Ke4 Rxd7 49. Rb3 b4 50. f4 Rd1 51. Rb2 Rc1 52. Kd5 Rc3 53. Rb1 b3 54. Ke4 c4 55. Kd4 Rc2 56. f5 gxf5 57. Rf1 b2 58. Ke5 Rc1 59. Rf4 b1=Q 60. Rd4 Re1+ 61. Kd5 Qb5+ 62. Kd6 Re6+ 63. Kc7 Qc6+ 64. Kb8 Re8+ 0-1

[Event "*** Titled Tuesday Blitz"]
[Site "Chess.com"]
[Date "2020.05.12"]
[Round "9"]
[White "AndriiTop"]
[Black "CMS13"]
[Result "1-0"]
[WhiteElo "2332"]
[BlackElo "2179"]
[TimeControl "180+1"]
[EndTime "11:44:18 PDT"]
[Termination "AndriiTop won on time"]

1. e4 e5 2. Nf3 Nc6 3. d4 exd4 4. Nxd4 Bc5 5. Nxc6 bxc6 6. Nc3 Qf6 7. Qf3 Qxf3 8.
gxf3 Nf6 9. Be3 Bb6 10. Rg1 O-O 11. Bh6 Nh5 12. Be2 Kh8 13. Be3 Nf6 14. O-O-O Bb7 15. Na4 d5 16. Nxb6 axb6 17. a3 dxe4 18. fxe4 Nxe4 19. f3 Nf6 20. Bd4 c5 21. Bc3 Rad8 22.
Rdf1 Rfe8 23. Bd3 h6 24. Rxg7 Kxg7 25. Rg1+ Kf8 26. Bxf6 Rd6 27. Bh4 Bxf3 28. Bh7 f6 29. Rf1 Red8 30. Bd3 Bg2 31. Rf2 c4 32. Be2 Bb7 33.
Bxf6 R8d7 34. Be5+ Ke7 35. Bxd6+ Rxd6 36. Bxc4 Rf6 37.
Rxf6 Kxf6 38. Kd2 Kg5 39. Ke3 Kh4 40. Kf2 Kh3 41. Kg1 h5 42. Bf7 Kh4 43. Kf2 Kg5 44. Ke3 h4 45. b4 Kg4 46. Be6+ Kg5 47. a4 Ba6 48. a5 bxa5 49. bxa5 Kf6 50. Bh3 Ke5 51. Kf3 Kd6 52. Kg4 Kc5 53. Kxh4 Kb4 54. Be6 Kxa5 55. Kg5 Kb4 56. h4 Kc3 57. h5 Kxc2 58.
h6 Bd3 59. Bf5 c5 60. h7 Bxf5 61. Kxf5 c4 62. h8=Q c3 63. Ke4 1-0

[Event "*** Titled Tuesday Blitz"]
[Site "Chess.com"]
[Date "2020.05.12"]
[Round "9"]
[White "lupta_robin"]
[Black "White_Ghost"]
[Result "1-0"]
[WhiteElo "2581"]
[BlackElo "2440"]
[TimeControl "180+1"]
[EndTime "11:44:20 PDT"]
[Termination "lupta_robin won by resignation"]

1. e4 e5 2. Nf3 Nc6 3. d4 exd4 4. Nxd4 Nf6 5. Nxc6 bxc6 6. e5 Qe7 7. Qe2 Nd5 8.
c4 Ba6 9. Nd2 g6 10. Nf3 Bg7 11.
Bg5 Qb4+ 12. Qd2 Qxd2+ 13. Bxd2 Nb6 14. b3 O-O 15. O-O-O Rfe8 16. Bf4 h6 17. h4 Bb7 18. a4 a5 19. Bd3 c5 20. Rhe1 Bc6 21. Be4 Bxe4 22.
Rxe4 Re7 23. Rde1 Nc8 24. Be3 d6 25. Bf4 dxe5 26. Bxe5 Nd6 27. Bxd6 Rxe4 28. Rxe4 cxd6 29. Re7 Rb8 30. Kc2 Bf6 31. Rd7 Rb6 32. Ra7 Rb8 33.
Rxa5 Re8 34. Kd3 g5 35. hxg5 hxg5 36. g4 Kg7 37. Ra6 Rb8 38. Nd2 Be5 39. Ra5 Rh8 40. Rb5 Rh3+ 41. Kc2 Rh2 42. Ne4 Kg6 43. a5 f5 44.
gxf5+ Kxf5 45. Kd3 Rh3+ 46. Ng3+ Bxg3 47. fxg3 Rxg3+ 48. Ke2 Rh3 49. a6 Rh8 50. Rb7 Ra8 51. a7 Kf4 52.
Rf7+ Kg4 53. Ke3 Kg3 54. Ke4 g4 55. Kd5 Kh2 56. Kxd6 g3 57. Rh7+ Kg1 58. Kxc5 g2 59. Kb6 Kf1 60. Rf7+ Ke1 61. Rg7 Kf1 62. Kb7 Rf8 63.
a8=Q Rxa8 64. Kxa8 g1=Q 65. Rxg1+ Kxg1 66. c5 1-0

[Event "*** Titled Tuesday Blitz"]
[Site "Chess.com"]
[Date "2020.05.12"]
[Round "9"]
[White "Rodchenkov_Vitalij"]
[Black "barbara25"]
[Result "1/2-1/2"]
[WhiteElo "2423"]
[BlackElo "2304"]
[TimeControl "180+1"]
[EndTime "11:44:22 PDT"]
[Termination "Game drawn - insufficient material"]

1. d4 Nf6 2. c4 e6 3. g3 d5 4. Nf3 Be7 5. Bg2 O-O 6. O-O c6 7. Qc2 b6 8. Nbd2 Bb7 9. e4 Nbd7 10. e5 Ne8 11. cxd5 cxd5 12. Re1 Rc8 13. Qb3 Qc7 14. Nf1 Qc2 15. Qe3 b5 16. Bd2 Qc7 17. Rac1 Qb6 18. Rxc8 Bxc8 19. Qd3 a6 20. Ne3 a5 21. Ng4 b4 22.
Bg5 f6 23. exf6 Nexf6 24. Nge5 Bd8 25. Bh3 Nxe5 26. Nxe5 Ne4 27. Bxd8 Qxd8 28. f3 Nd6 29. Nc6 Qf6 30. Nxa5 Qxf3 31. Qxf3 Rxf3 32. Bxe6+ Bxe6 33. Rxe6 Ne4 34. Nc6 Rd3 35. Re8+ Kf7 36. Ne5+ Kxe8 37. Nxd3 b3 38. axb3 Kd7 39. Kg2 Kc6 40. Kf3 Nd2+ 41. Kf4 Nxb3 42. Ke5 Nd2 43. Nb4+ Kb5 44. Nxd5 Nf3+ 45.
Ke6 Nxh2 46. Nc3+ Kc4 47. d5 Nf3 48. d6 Nd4+ 49. Ke7 Nc6+ 50. Ke8 g5 51. d7 h5 52. Ne4 h4 53. gxh4 gxh4 54. Nd6+ Kd5 55. Nf5 h3 56. Ne7+ Kc5 57. Nxc6 h2 58. d8=Q h1=Q 59.
Ne7 Qh8+ 60. Kd7 Qxd8+ 61. Kxd8 Kb4 62. Nd5+ Kb3 63. Kc7 Kxb2 1/2-1/2

[Event "*** Titled Tuesday Blitz"]
[Site "Chess.com"]
[Date "2020.05.12"]
[Round "9"]
[White "DinaBelenkaya"]
[Black "queen_iryna"]
[Result "0-1"]
[WhiteElo "2128"]
[BlackElo "2320"]
[TimeControl "180+1"]
[EndTime "11:44:22 PDT"]
[Termination "queen_iryna won by resignation"]

1. e4 d6 2. d4 Nf6 3. Nc3 e5 4. d5 Be7 5. Be2 O-O 6. Nf3 h6 7. O-O Nh7 8. Nd2 a5 9. a4 Na6 10. Nc4 b6 11. Ne3 Nc5 12. f3 Bg5 13. Ra3 Bd7 14.
Bb5 Bc8 15. Bc6 Rb8 16. Ne2 Ba6 17. Bb5 Bc8 18. c3 Bxe3+ 19. Bxe3 f5 20. exf5 Bxf5 21. Ng3 Bd7 22. b4 axb4 23. cxb4 Bxb5 24. axb5 Nb7 25. Qc2 Nf6 26. Qc6 Qd7 27. Ra7 Qxc6 28. dxc6 Nd8 29. Rxc7 Ne6 30. Re7 Rfe8 31. Rxe8+ Rxe8 32. Bxb6 Nd5 33. Ba5 Rb8 34. Rc1 Nec7 35. Ne4 Nxb5 36. Rd1 Ndc7 37.
Bxc7 Nxc7 38. Rxd6 Rxb4 39. Rd8+ Kh7 40. Rd7 Nb5 41. Kf2 Rc4 42. Rd5 Nd4 43. Rxe5 Nxc6 44. Re6 Nd4 45. Re7 Rc2+ 46. Kg3 Nf5+ 47. Kh3 Nxe7 48. g4 Ng6 49. Kg3 Ne5 50. h4 Ra2 51. Kf4 Nd3+ 52. Ke3 Ra3 53. Ke2 Ne5 54. Nd2 Ra2 55.
Ke3 Rxd2 56. Kxd2 Nxf3+ 57. Ke3 Nxh4 58. Kf4 g5+ 59. Kg3 Kg6 60. Kh3 Nf3 61. Kg3 Ne5 62. Kh3 Kf6 0-1

[Event "*** Titled Tuesday Blitz"]
[Site "Chess.com"]
[Date "2020.05.12"]
[Round "9"]
[White "BvsN"]
[Black "SameerMujumdar"]
[Result "0-1"]
[WhiteElo "2342"]
[BlackElo "2196"]
[TimeControl "180+1"]
[EndTime "11:44:22 PDT"]
[Termination "SameerMujumdar won by checkmate"]

1. d4 Nf6 2. Nf3 c5 3. d5 e6 4.
Nc3 b5 5. dxe6 fxe6 6. Nxb5 d5 7. e3 Be7 8. Be2 O-O 9. O-O Nc6 10. c4 a6 11. Nc3 d4 12. Na4 e5 13. exd4 cxd4 14.
Re1 e4 15. Nd2 d3 16. Bf1 Bf5 17. Nc3 Bc5 18. Ndxe4 Nxe4 19. Rxe4 Bxf2+ 20. Kh1 Bxe4 21. Nxe4 Qd4 22. Qxd3 Qxd3 23. Bxd3 Rad8 24. Bc2 Be1 25.
g3 Nb4 26. Bb3 Rde8 27. Nd6 Re2 28. c5+ Kh8 29. Bf4 h6 30. Bc4 Re7 31. a3 Nc2 32. Rc1 Nd4 33. h4 g5 34. hxg5 hxg5 35. Bxg5 Rg7 36. Rxe1 Rxg5 37. Nf7+ Rxf7 38. Bxf7 Rxc5 39. Re4 Nf3 40. Kg2 Ng5 41. Re8+ Kg7 42. Bb3 Rc1 43. Re3 Rb1 44. Re2 Rc1 45. Rc2 Re1 46. Kf2 Re7 47.
Rc6 Ne4+ 48. Kg2 Nd2 49. Bd1 Re1 50. Bf3 Re3 51. Bd5 Rd3 52. Be6 a5 53. b4 Rxa3 54. bxa5 Rxa5 55. Rc7+ Kf6 56. Bg4 Ne4 57. Rc6+ Kg5 58.
Bf3 Ra2+ 59. Kg1 Nxg3 60. Rc5+ Kf4 61. Bg2 Ne2+ 62. Kh2 Ra7 63. Rc4+ Ke3 64. Bh3 Rh7 65. Rc8 Nf4 66. Re8+ Kf2 67. Rf8 Rxh3# 0-1